 Seeded DCSS version 0.28-a0-706-gf6f64a616a (webtiles) character file.

Game seed: 20211025 (custom seed)

77 a11behringer the Gusty (level 4, -2/24 HPs)
             Began as a Tengu Air Elementalist on Oct 25, 2021.
             Slain by a goblin (3 damage)
             ... on level 3 of the Dungeon.
             The game lasted 00:16:14 (2651 turns).

a11behringer the Gusty (Tengu Air Elementalist)     Turns: 2651, Time: 00:16:14

Health: -2/24      AC:  2    Str:  8    XL:     4   Next: 34%
Magic:  9/9        EV: 12    Int: 16    God:
Gold:   68         SH:  0    Dex: 15    Spells: 2/8 levels left

rFire   + . .      SeeInvis .   k - +1 short sword (venom)
rCold   + . .      Faith    .   (no shield)
rNeg    . . .      Spirit   .   a - +0 robe
rPois   .          Reflect  .   (helmet restricted)
rElec   .          Harm     .   (no cloak)
rCorr   .          Rampage  .   (no gloves)
Will    .....                   (boots unavailable)
Stlth   ++........              (no amulet)
HPRegen 0.08/turn               j - ring of protection from cold
MPRegen 0.11/turn               l - ring of protection from fire

@: sluggish, very slow
A: beak, talons 3
a: no special abilities


You were on level 3 of the Dungeon.
You visited 1 branch of the dungeon, and saw 3 of its levels.

You collected 68 gold pieces.

Inventory:

Hand Weapons
 e - a +0 short sword
 k - a +1 short sword of venom (weapon)
Armour
 a - a +0 robe (worn)
Jewellery
 j - a ring of protection from cold (left hand)
 l - a ring of protection from fire (right hand)
Scrolls
 b - a scroll of identify {unknown}
 m - a scroll of fear {unknown}
Potions
 c - a potion of flight {unknown}
 d - a potion of haste {unknown}
 f - a potion of brilliance {unknown}
 g - a potion of attraction {unknown}
 h - a potion of berserk rage {unknown}
 i - a potion of might {unknown}


   Skills:
 + Level 2.2 Dodging
 + Level 2.3 Stealth
 - Level 2.7 Spellcasting
 + Level 2.8 Conjurations
 + Level 5.2 Air Magic


You had 2 spell levels left.
You knew the following spells:

 Your Spells              Type           Power      Damage    Failure   Level
a - Shock                 Conj/Air       60%        1d6       3%          1
b - Static Discharge      Conj/Air       15%        N/A       5%          2
c - Swiftness             Air            18%        N/A       7%          3

Your spell library contained the following spells:

 Spells                   Type           Power      Damage    Failure   Level
 Airstrike                Air            9%         N/A       22%         4


Dungeon Overview and Level Annotations

Branches:
Dungeon (3/15)

Altars:

Shops:
D:1 =?([


Innate Abilities, Weirdness & Mutations

You have a beak for a mouth.
You have claws for feet.


Message History

This spell is quite dangerous to cast!
Memorise Swiftness, consuming 3 spell levels and leaving 2?
You start memorising the spell.
You continue memorising. x3
You finish memorising.
Spell assigned to 'c'.
You can't go up here!
You climb downwards.
The sky beast flickers out of sight!
Deactivating autopickup; reactivate with Ctrl-A.
Something hits you. Something shocks you.
There is a stone staircase leading up here.
Casting: Static Discharge (safe; 5% risk of failure)
Confirm with . or Enter, or press ? or * to list all spells.
The spell is quite dangerous to cast (7% risk of failure)!
Continue anyway?
You feel quick. Something hits you. Something shocks you.
You barely miss something. Something hits you but does no damage.
You hit something. You peck something. Something barely misses you.
You closely miss something. Your kick misses something.
Your peck misses something. Something hits you but does no damage.
You closely miss something. Something completely misses you.
You miss something. Something hits you. Something shocks you.
* * * LOW HITPOINT WARNING * * *
A sky beast appears from thin air!
Reactivating autopickup.
The sky beast hits you but does no damage.
The sky beast flickers out of sight!
Deactivating autopickup; reactivate with Ctrl-A.
A sky beast appears from thin air!
Reactivating autopickup.
You start to feel a little slower.
You open the door.
There is an open door here.
A goblin comes into view. It is wielding a +0 club.
Casting: Swiftness (quite dangerous; 7% risk of failure)
Confirm with . or Enter, or press ? or * to list all spells.
This spell is already in effect.
The goblin shouts!
You feel sluggish. The goblin hits you with a +0 club.
* * * LOW HITPOINT WARNING * * *
The goblin hits you with a +0 club.
You die...

#. # #. # #.# ####
##.#### .... .....
#.## ####### #... #.#
#.....# #..#######
#.## #.....#
#.@....... ...#
#.....####g...#.##.
...# #.....#...Y.....#
...###.....#.##..#####
.....'.......##.....
...###.....#####.####
..## ###.........# ..#
#.######### ..# #.#


You could see a sky beast and a goblin.

Vanquished Creatures
  3 adders (D:2)
  A worm (D:2)
  A dart slug (D:2)
  4 ball pythons (D:1)
  8 bats
  2 endoplasms (D:1)
  A giant cockroach (D:1)
  6 goblins
  3 hobgoblins
  3 jackals (D:2)
  5 kobolds (D:2)
  2 quokkas (D:2)
  A frilled lizard (D:2)
  A rat (D:1)
41 creatures vanquished.

Vanquished Creatures (others)
  3 demonic plants (D:2)
  2 fungi (D:2)
  A plant (D:2)
6 creatures vanquished.

Grand Total: 47 creatures vanquished

Notes
Turn   | Place    | Note
-------+----------+-------------------------------------------
     0 | D:1      | a11behringer the Tengu Air Elementalist began the quest for
                  | the Orb.
     0 | D:1      | Reached XP level 1. HP: 10/10 MP: 4/4
     9 | D:1      | Found Fotta's Weapon Boutique.
   138 | D:1      | Found Qumot's Magic Scroll Emporium.
   164 | D:1      | Found Paowkaj's Jewellery Emporium.
   300 | D:1      | Reached XP level 2. HP: 15/15 MP: 3/6
   571 | D:1      | Found Wiywomu's Antique Armour Shoppe.
  1025 | D:2      | Learned a level 2 spell: Static Discharge
  1102 | D:2      | Reached XP level 3. HP: 19/19 MP: 3/7
  1151 | D:2      | Found a faded altar of an unknown god.
  1798 | D:2      | Reached skill level 5 in Air Magic
  2010 | D:2      | Reached XP level 4. HP: 24/24 MP: 3/9
  2595 | D:3      | Noticed a sky beast
  2621 | D:2      | Learned a level 3 spell: Swiftness
  2651 | D:3      | HP: 1/24 [goblin (3)]
  2651 | D:3      | Slain by a goblin

Illustrated notes

Levels and vault maps discovered:
D:1:      wander_arrival_peaceful_grave, layout_basic, serial_shops,
          nicolae_lakefront_shop, nicolae_shop_waterfront, shop,
          nicolae_square_shop
D:2:      layout_basic, shapermc_ecumenical_altar_gd
D:3:      layout_basic, uniq_grinder

Skill      XL: |  1  2  3 |
---------------+----------+-----
Conjurations   | 2 |  2.8
Air Magic      | 5 |  5.2
Dodging        | |  2.2
Stealth        | |  2.3
Spellcasting   | |  2.7

Action                   |  1- 3 |  4- 6 || total
-------------------------+-------+-------++-------
Melee: Short sword       |       |     5 ||     5
       Peck              |       |     1 ||     1
 Cast: Shock             |    78 |     6 ||    84
       Static Discharge  |     5 |     1 ||     6
       Swiftness         |       |     1 ||     1
  Use: Scroll            |     4 |       ||     4
Armor: Robe              |     3 |     3 ||     6
Dodge: Dodged            |    13 |     2 ||    15

Table legend: (Time is in decaauts)
 A = Elapsed time spent in this place.
 B = Non-inter-level travel time spent in this place.
 C = Inter-level travel time spent in this place.
 D = Time resting spent in this place.
 E = Time spent auto-exploring this place.
 F = Levels seen in this place.
 G = Mean time per level.
                   A        B        C        D        E       F      G
               +--------+--------+--------+--------+--------+-----+--------+
         Total |   2649 |   2253 |    396 |      0 |   1891 |   3 |  883.0 |
       Dungeon |   2649 |   2253 |    396 |      0 |   1891 |   3 |  883.0 |
               +--------+--------+--------+--------+--------+-----+--------+

Top non-repeatable levels by time:
     D:2: 1548 daAuts
     D:1: 1033 daAuts
     D:3: 67 daAuts
